 Dungeon Crawl Stone Soup version 0.29-a0-275-g389c0b56f3 (webtiles) character file.

Game seed: 4283433483910031025

197 Dabor the Skirmisher (level 5, -4/34 HPs)
             Began as a Tengu Berserker on Mar 11, 2022.
             Was a Believer of Trog.
             Slain by Terence
             ... wielding a +1 hand axe of distortion
              (11 damage)
             ... on level 3 of the Dungeon.
             The game lasted 00:04:32 (2227 turns).

Dabor the Skirmisher (Tengu Berserker)              Turns: 2227, Time: 00:04:32

Health: -4/34      AC:  5    Str: 20    XL:     5   Next: 75%
Magic:  6/6        EV: 14    Int:  7    God:    Trog [**....]
Gold:   69         SH:  0    Dex: 13    Spells: 4/4 levels left

rFire   . . .      SeeInvis .   a - +0 falchion
rCold   . . .      Faith    .   (no shield)
rNeg    . . .      Spirit   .   m - +0 ring mail
rPois   .          Reflect  .   (helmet restricted)
rElec   .          Harm     .   (no cloak)
rCorr   .          Rampage  .   (no gloves)
Will    ++...                   (boots unavailable)
Stlth   +.........              (no amulet)
HPRegen 1.11/turn               (no ring)
MPRegen 0.10/turn               (no ring)

@: strong-willed, flying quickly and evasively, regenerating, quick
A: beak, talons 3, nimble flight
a: Renounce Religion, Berserk, Trog's Hand


You were on level 3 of the Dungeon.
You worshipped Trog.
Trog was pleased with you.
You visited 1 branch of the dungeon, and saw 3 of its levels.

You collected 134 gold pieces.
You spent 65 gold pieces at shops.

Inventory:

Hand Weapons
 a - a +0 falchion (weapon)
Missiles
 g - a throwing net (quivered)
Armour
 b - a +0 animal skin
 m - a +0 ring mail (worn)
Scrolls
 j - 2 scrolls of magic mapping
 l - a scroll of teleportation
 o - a scroll of fog
Potions
 c - a potion of haste
 d - a potion of mutation
 e - a potion of heal wounds {unknown}
 f - a potion of ambrosia {unknown}
 n - a potion of curing {unknown}
 p - a potion of degeneration {unknown}


   Skills:
 * Level 4.5 Fighting
 + Level 4.2 Long Blades
 + Level 3.3 Armour
 + Level 3.3 Dodging


You had 4 spell levels left.
You didn't know any spells.
Your spell library was empty.

Dungeon Overview and Level Annotations

Branches:
Dungeon (3/15)

Altars:

Shops:
D:2 ?

Annotations:
D:3 Robin, Terence


Innate Abilities, Weirdness & Mutations

You have a beak for a mouth.
You have claws for feet.
Your magical nature lets you fly swiftly and evasively.


Message History

Trog accepts your kill.
You can now call upon Trog for regeneration and willpower.
You closely miss the goblin. Your kick misses the goblin.
The goblin barely misses you. Something throws the goblin at you!
You slash the goblin!
You kill the goblin!
Trog accepts your kill. The goblin hits you but does no damage.
You hit the goblin.
You kill the goblin!
Trog accepts your kill.
You closely miss the hobgoblin. The hobgoblin misses you.
You hit the hobgoblin.
You kill the hobgoblin!
Trog accepts your kill.
You miss the goblin. You claw the goblin.
The goblin is heavily wounded.
The goblin closely misses you.
An orc comes into view. It is wielding a +0 dagger.
The orc shouts!
You hit the goblin. Your kick misses the goblin.
The goblin is severely wounded.
The goblin barely misses you. x2
You hit the goblin.
You kill the goblin!
Trog accepts your kill.
The goblin no longer looks unusually strong.
You hit Terence.
Terence is lightly wounded.
The hobgoblin no longer looks unusually strong.
Terence hits you with a +1 hand axe of distortion.
Space warps horribly around you!!
Ouch! That really hurt!
Something throws the goblin at you!
Your skin crawls.
You feel strong-willed.
Terence hits you with a +1 hand axe of distortion.
* * * LOW HITPOINT WARNING * * *
Space warps horribly around you!
You die...

...... ......
#...... .......
g.o.... g......
######@g.....
#...)@# #....g#
#.....# #.....#
#.....#
#.....##########
+..............#
#........#####.#
#.....##'#####


You could see Terence, an orc, 2 hobgoblins and 2 goblins.

Vanquished Creatures
  An ice beast (D:3)
  3 adders (D:2)
  3 gnolls
  A worm (D:2)
  A dart slug (D:2)
  An orc (D:3)
  3 bats
  3 endoplasms
  4 giant cockroaches
  4 goblins (D:3)
  6 hobgoblins
  2 quokkas
  3 ball pythons
  A frilled lizard (D:2)
  A kobold (D:3)
  3 rats
40 creatures vanquished.

Notes
Turn   | Place    | Note
-------+----------+-------------------------------------------
     0 | D:1      | Dabor the Tengu Berserker began the quest for the Orb.
     0 | D:1      | Reached XP level 1. HP: 14/14 MP: 2/2
    44 | D:1      | Found a faded altar of an unknown god.
   382 | D:1      | Reached XP level 2. HP: 19/19 MP: 3/3
  1042 | D:2      | Reached XP level 3. HP: 23/23 MP: 4/4
  1052 | D:2      | Found Gaxot's Magic Scroll Shoppe.
  1098 | D:2      | Bought a scroll of identify for 26 gold pieces
  1098 | D:2      | Bought a scroll of noise for 13 gold pieces
  1098 | D:2      | Bought a scroll of fog for 26 gold pieces
  1407 | D:2      | Reached XP level 4. HP: 29/29 MP: 5/5
  1890 | D:3      | Noticed an ice beast
  1902 | D:3      | Killed an ice beast
  1903 | D:3      | Gained mutation: Your magical nature lets you fly swiftly
                  | and evasively. [Tengu growth]
  1903 | D:3      | Reached XP level 5. HP: 34/34 MP: 6/6
  2210 | D:3      | Noticed Robin
  2215 | D:3      | Noticed Terence
  2217 | D:3      | Reached ** piety under Trog
  2227 | D:3      | Slain by Terence

Illustrated notes

Levels and vault maps discovered:
D:1:      dpeg_arrival_boxes_within_box, layout_basic,
          dreamdust_ecumenical_altar_grove
D:2:      layout_basic, serial_shops, nicolae_shop_statue_plus
D:3:      layout_basic, st_stairs_11, uniq_robin, uniq_jessica, uniq_grinder,
          uniq_terence

Skill      XL: |  1  2  3  4 |
---------------+-------------+-----
Fighting       | 4 |  4.5
Long Blades    | 4 |  4.2
Armour         | 3 |  3.3
Dodging        | 3 |  3.3

Action                   |  1- 3 |  4- 6 || total
-------------------------+-------+-------++-------
Melee: Falchion          |    57 |    39 ||    96
       Kick              |    17 |     9 ||    26
       Peck              |     8 |     6 ||    14
       Punch             |     1 |     1 ||     2
Invok: Berserk           |     1 |     1 ||     2
       Trog's Hand       |       |     1 ||     1
  Use: Scroll            |     1 |     5 ||     6
 Stab: Sleeping          |     1 |       ||     1
Armor: Animal skin       |     3 |       ||     3
       Ring mail         |     8 |    11 ||    19
Dodge: Dodged            |    36 |    27 ||    63

Table legend: (Time is in decaauts)
 A = Elapsed time spent in this place.
 B = Non-inter-level travel time spent in this place.
 C = Inter-level travel time spent in this place.
 D = Time resting spent in this place.
 E = Time spent auto-exploring this place.
 F = Levels seen in this place.
 G = Mean time per level.
                   A        B        C        D        E       F      G
               +--------+--------+--------+--------+--------+-----+--------+
         Total |   2254 |   2212 |     42 |    404 |   1464 |   3 |  751.3 |
       Dungeon |   2254 |   2212 |     42 |    404 |   1464 |   3 |  751.3 |
               +--------+--------+--------+--------+--------+-----+--------+

Top non-repeatable levels by time:
     D:2: 1238 daAuts
     D:1: 920 daAuts
     D:3: 95 daAuts
